 Dungeon Crawl Stone Soup version 0.28-a0-297-g99b01970c5 (webtiles) character file.

Game seed: 13097760548063412143

0 Gargoyl the Skirmisher (level 1, -3/23 HPs)
             Began as a Gnoll Abyssal Knight on Aug 29, 2021.
             Was a Follower of Lugonu.
             Slain by a large abomination (10 damage)
             ... on level 4 of the Abyss.
             The game lasted 00:00:39 (132 turns).

Gargoyl the Skirmisher (Gnoll Abyssal Knight)        Turns: 132, Time: 00:00:40

Health: -3/23      AC:  9    Str: 11    XL:     1   Next: 0%
Magic:  3/3        EV:  5    Int: 11    God:    Lugonu [*.....]
Gold:   0          SH:  0    Dex: 11    Spells: 0/0 levels left

rFire   . . .      SeeInvis .   a - +1 hand axe
rCold   . . .      Faith    .   (no shield)
rNeg    . . .      Spirit   .   d - +0 chain mail
rPois   .          Reflect  .   (no helmet)
rElec   .          Harm     .   (no cloak)
rCorr   .          Rampage  .   (no gloves)
Will    .....                   (no boots)
Stlth   ..........              (no amulet)
HPRegen 0.07/turn               (no ring)
MPRegen 0.08/turn               (no ring)

@: confused
A: fangs 1, strong nose, distributed training
a: Renounce Religion, Depart the Abyss


You were on level 4 of the Abyss.
You worshipped Lugonu.
Lugonu was aware of your devotion.
You visited 0 branches of the dungeon, and saw 0 of its levels.
You visited the Abyss 1 time.

Inventory:

Hand Weapons
 a - a +1 hand axe (weapon)
Armour
 d - a +0 chain mail (worn)


   Skills:
 + Level 6.4 Fighting
 + Level 0.0 Short Blades
 + Level 0.0 Long Blades
 + Level 4.4 Axes
 + Level 0.0 Maces & Flails
 + Level 0.0 Polearms
 + Level 0.0 Staves
 + Level 0.0 Slings
 + Level 0.0 Bows
 + Level 0.0 Crossbows
 + Level 0.0 Throwing
 + Level 4.4 Armour
 + Level 2.3 Dodging
 + Level 0.0 Stealth
 + Level 0.0 Shields
 + Level 0.0 Unarmed Combat
 + Level 0.0 Spellcasting
 + Level 0.0 Conjurations
 + Level 0.0 Hexes
 + Level 0.0 Summonings
 + Level 0.0 Necromancy
 + Level 0.0 Translocations
 + Level 0.0 Transmutations
 + Level 0.0 Fire Magic
 + Level 0.0 Ice Magic
 + Level 0.0 Air Magic
 + Level 0.0 Earth Magic
 + Level 0.0 Poison Magic
 + Level 4.4 Invocations
 + Level 0.0 Evocations


You couldn't memorise any spells.
You didn't know any spells.
Your spell library was empty.

Dungeon Overview and Level Annotations

Branches:
Dungeon (0/15)

Altars:


Innate Abilities, Weirdness & Mutations

You have very sharp teeth.
Your uncanny sense of smell can sniff out nearby items.
Your experience applies equally to all skills.


Message History

You start removing your armour.
You continue taking off your +0 leather armour. x4
You finish taking off your +0 leather armour.
You start putting on your armour.
You continue putting on your +0 chain mail. x5
You finish putting on your +0 chain mail.
You drop a +0 leather armour.
You drop a +0 scale mail.
You feel a little less clever now.
A spatial vortex comes into view.
The thrashing horror roars!
A large abomination comes into view.
A golden eye comes into view.
Found a scroll labelled ZUVUOG KAGA.
A golden eye comes into view.
The golden eye blinks at you.
You are confused.
The thrashing horror tramples you.
You hold your ground!
The thrashing horror tramples you but does no damage.
The golden eye blinks at you.
You are more confused.
You are too confused!
Unknown command.
The thrashing horror barely misses you.
The thrashing horror tramples you but does no damage.
The thrashing horror tramples you!
You are shoved backwards!
The golden eye blinks at you.
You are more confused.
The golden eye blinks at you.
You are more confused.
You see here 15 stones.
You're too confused to move!
The thrashing horror roars!
The thrashing horror barely misses you. The thrashing horror tramples you.
You hold your ground!
The golden eye blinks at you.
You are more confused.
The thrashing horror tramples you but does no damage. x2
The large abomination hits you!
You die...

. #......# . ..#.
#.#.#..## v...#.##.
#.#...# #....#..#
..∩...###
#......[###....#...
....##.#.....#.....
. #....#.#.....#
#.#X#.........
.#.@.G...#...
#....#.X......#
.......#..#.##...#
.###...#.#......##
....#........#.
#..##..##..#.##.G
.# #.. ####.# # #.
.# ?. #


You could see a thrashing horror, a large abomination and a golden eye.

Vanquished Creatures (others)
  5 starspawn tentacles (Abyss:2)
5 creatures vanquished.

Notes
Turn   | Place    | Note
-------+----------+-------------------------------------------
     0 | Abyss:1  | Gargoyl the Gnoll Abyssal Knight began the quest for the
                  | Orb.
     0 | Abyss:1  | Reached XP level 1. HP: 23/23 MP: 3/3
    15 | Abyss:2  | Noticed a tentacled starspawn
    44 | Abyss:2  | Noticed a large abomination
    49 | Abyss:2  | Noticed a worldbinder
    52 | Abyss:2  | Noticed a tormentor
    55 | Abyss:2  | Noticed an ironbound preserver
    55 | Abyss:2  | Noticed a yaktaur
    55 | Abyss:2  | Noticed a yaktaur
    61 | Abyss:3  | Noticed a large abomination
   123 | Abyss:4  | Noticed a spatial vortex
   126 | Abyss:4  | Noticed a thrashing horror
   126 | Abyss:4  | Noticed a large abomination
   128 | Abyss:4  | Noticed a golden eye
   128 | Abyss:4  | Noticed a golden eye
   132 | Abyss:4  | Slain by a large abomination

Illustrated notes

Levels and vault maps discovered:
Abyss:4:  base: Temple, nicolae_abyss_rune_star_stuff, due_exit_kobolds

Action                   || total
-------------------------++-------
  Use: Potion            ||     2
Armor: Chain mail        ||     4
Dodge: Dodged            ||     4

Table legend: (Time is in decaauts)
 A = Elapsed time spent in this place.
 B = Non-inter-level travel time spent in this place.
 C = Inter-level travel time spent in this place.
 D = Time resting spent in this place.
 E = Time spent auto-exploring this place.
 F = Levels seen in this place.
 G = Mean time per level.
                   A        B        C        D        E       F      G
               +--------+--------+--------+--------+--------+-----+--------+
         Total |    131 |    131 |      0 |      0 |     18 |   4 |   32.8 |
         Abyss |    131 |    131 |      0 |      0 |     18 |   4 |   32.8 |
               +--------+--------+--------+--------+--------+-----+--------+

Top non-repeatable levels by time:
 Abyss:2: 55 daAuts
 Abyss:3: 41 daAuts
 Abyss:4: 29 daAuts
 Abyss:1: 4 daAuts
